 Dungeon Crawl Stone Soup version 0.20-a0-454-g2b43fbb (webtiles) character file.

19946 M4edhros the Covert (level 12, -2/76 HPs)
             Began as an Octopode Artificer on Jan 8, 2017.
             Was a High Priest of Fedhas.
             Slain by a white ugly thing (34 damage)
             ... on level 11 of the Dungeon on Jan 9, 2017.
             The game lasted 00:43:58 (16237 turns).

M4edhros the Covert (Octopode Artificer)           Turns: 16237, Time: 00:43:58

Health: -2/76      AC:  1    Str: 11      XL:     12   Next: 74%
Magic:  21/21      EV: 20    Int: 15      God:    Fedhas [*****.]
Gold:   942        SH:  0    Dex: 13 (16) Spells: 6/11 levels left

rFire  + . .     SeeInvis .     l - +8 shortbow of the Sky {flame, rElec}
rCold  . . .     Gourm    .     (shield currently unavailable)
rNeg   . . .     Faith    .     (helmet restricted)
rPois  .         Spirit   .     F - amulet of rage
rElec  +         Reflect  .     w - ring of protection from fire
rCorr  .         Harm     .     y - +2 ring of intelligence
MR     .....                    a - +3 ring of slaying
Stlth  ++++++....               r - ring of flight
                                (no ring)
                                (no ring)
                                (no ring)
                                (no ring)

@: no status effects
A: almost no armour, stealthy swim, amphibious, 8 rings, constrict 8, repulsion
field 1, camouflage 1, frail 1, high mp 1, mutation resistance 1, weak 1,
gelatinous body 1
a: Fungal Bloom, Evolution, Sunlight, Growth, Reproduction, Rain, Renounce
Religion, Evoke Berserk Rage, Evoke Flight


You were on level 11 of the Dungeon.
You worshipped Fedhas.
Fedhas was extremely pleased with you.
You were not hungry.

You visited 2 branches of the dungeon, and saw 13 of its levels.
You visited the Abyss 1 time.

You collected 942 gold pieces.

Inventory:

Hand Weapons
 l - the +8 shortbow of the Sky (weapon) {flame, rElec}
   (You found it on level 4 of the Dungeon)

   It causes projectiles fired from it to burn those they strike, causing extra
   injury to most foes and up to half again as much damage against particularly
   susceptible opponents.
   It insulates you from electricity.
 H - a +2 flail of protection
 M - a +0 spear of venom
 N - a +4 spear
Missiles
 g - 138 arrows (quivered)
 P - 45 sling bullets
Armour
 L - a +0 large shield
Jewellery
 a - a +3 ring of slaying (on tentacle)
 r - a ring of flight (on tentacle)
 w - a ring of protection from fire (left tentacle)
 y - a +2 ring of intelligence (right tentacle)
 F - an amulet of rage (around mantle)
Wands
 b - a wand of flame (6/48)
 c - a wand of enslavement (3/24)
 e - a wand of flame (27/48)
 z - a wand of flame (24/48)
 B - a wand of scattershot (2/9)
 E - a wand of iceblast (3/15)
 I - a wand of disintegration (3/24)
 J - a wand of flame (24/48)
Scrolls
 d - a scroll of magic mapping
 i - a scroll of immolation
 j - 4 scrolls of remove curse
 m - a scroll of recharging
 C - a scroll of random uselessness
 D - 2 scrolls of fog
Potions
 h - 4 potions of curing
 k - 2 potions of brilliance
 n - 2 potions of heal wounds
 o - 3 potions of haste
 q - 2 potions of lignification
 s - 2 potions of invisibility
 u - 2 potions of might
 G - 3 potions of ambrosia
Books
 p - a book of Minor Magic

   Spells                             Type                      Level
   a - Magic Dart                     Conjuration                  1
   b - Blink                          Translocation                2
   c - Call Imp                       Summoning                    2
   d - Repel Missiles                 Charms/Air                   2
   e - Slow                           Hexes                        2
   f - Conjure Flame                  Conjuration/Fire             3
   g - Mephitic Cloud                 Conjuration/Poison/Air       3
 t - Jessica's Almanac of Orientation
   (You found it on level 2 of the Dungeon)

   Spells                             Type                      Level
   a - Apportation                    Translocation                1
Miscellaneous
 x - a box of beasts
 O - 2 sacks of spiders
Comestibles
 f - 6 bread rations
 v - a meat ration
 A - a fruit
 K - 8 slices of pizza


   Skills:
 - Level 9.0 Fighting
   Level 1.0 Short Blades
 - Level 9.2 Bows
 - Level 9.1 Dodging
 + Level 13.8 Stealth
 * Level 2.2 Shields
 + Level 9.8 Invocations
 - Level 3.2 Evocations


You had 6 spell levels left.
You knew the following spells:

 Your Spells              Type           Power        Failure   Level  Hunger
a - Mephitic Cloud        Conj/Pois/Air  #.......     80%         3    ####...
b - Repel Missiles        Chrm/Air       #.....       38%         2    ###....


Dungeon Overview and Level Annotations

Branches:
Dungeon (12/15)            Temple (1/1) D:4            Lair (0/6) D:10
    Orc (0/2) D:10

Altars:
Cheibriados
Dithmenos
Elyvilon
Fedhas
Nemelex Xobeh
Okawaru
Trog
Uskayaw
Xom
The Shining One

Shops:
D:6 [

Annotations:
D:12 Fannar


Innate Abilities, Weirdness & Mutations

You cannot wear most types of armour.
You are very stealthy in the water. (Stealth+)
You are amphibious.
You can wear up to eight rings at the same time.
You can use your tentacles to constrict eight enemies at once.
Your skin changes colour to match your surroundings (Stealth+).
Your rubbery body absorbs attacks. (AC +1, EV +1)
You are surrounded by a mild repulsion field. (EV +2)
You are frail. (-10% HP)
You have an increased reservoir of magic. (+10% MP)
You are somewhat resistant to further mutation.
You are weak. (Str -2)


Message History

Aim: a white ugly thing (severely wounded)
You shoot an arrow.
The arrow barely misses the white ugly thing.
The white ugly thing closely misses you.
Firing (i - inventory):
g - 140 arrows (quivered)
Press: ? - help, Shift-Dir - straight line, f/p - white ugly thing
Aim: a white ugly thing (severely wounded)
You shoot an arrow. The arrow hits the white ugly thing!
The arrow burns the white ugly thing.
The white ugly thing is almost dead.
The white ugly thing stings you! The white ugly thing freezes you!!
Firing (i - inventory):
g - 139 arrows (quivered)
Press: ? - help, Shift-Dir - straight line, f/p - white ugly thing
Aim: a white ugly thing (almost dead)
You shoot an arrow. The arrow hits the white ugly thing.
The arrow burns the white ugly thing.
The white ugly thing is almost dead.
The white ugly thing stings you! The white ugly thing freezes you!!
You die...
Fedhas appreciates your contribution to the ecosystem.

.......)........###
##...## ###
...............## ##...#
#.## ...............#
##..###..##
.......u..((..##
#...#....#
............(..#
#........#
..........###(.#
##.......f
....#########.(####
#........ ....#
##...u..#### #.......#
....#
##.....@....####.......#
....##
##....####.............##
.....####...###
###......###...#
...........## ###...##
##..# ..##......##
######..## ##..
#######..## ####)...#..#
##. # #..## ##..........#
## ##..###...........## #
#..##.............# #


You could see a white ugly thing.

Vanquished Creatures
  A two-headed ogre (D:10)
  A large abomination (Abyss:2)
  Pikel (D:7)
  3 ugly things
  The ghost of marsu the Martial Artist, a novice OpMo of Qazlal (D:5)
  3 trolls
  2 hornets
  2 hippogriffs (D:7)
  Grinder (D:4)
  A wyvern (D:8)
  A wraith (D:10)
  4 yaks
  A human (D:8)
  A basilisk (D:10)
  2 hungry ghosts
  A porcupine (D:10)
  2 orc warriors
  A sky beast (D:11)
  3 black bears
  2 phantoms
  2 ice beasts
  6 centaurs
  An eye of draining (D:11)
  2 ogres
  3 wolves (D:10)
  A crocodile (D:10)
  7 bullfrogs
  A big kobold (D:10)
  A gnoll sergeant (D:9)
  2 wyvern skeletons
  12 killer bees
  2 scorpions
  2 howler monkeys (D:9)
  3 crimson imps
  2 jellies
  A quasit (D:7)
  6 hounds
  2 bullfrog skeletons
  2 centaur skeletons
  5 orc priests
  10 orc wizards
  Jessica (D:2)
  3 iguanas
  5 worker ants
  Natasha (twice) (D:3)
  4 hound skeletons
  A gnoll (D:9)
  14 adders
  5 howler monkey skeletons
  4 shadow imps
  3 oozes
  2 adder skeletons
  3 worms
  A dart slug (D:1)
  7 leopard geckos
  45 orcs
  6 bats
  2 giant cockroaches
  3 goblins
  3 hobgoblins (D:3)
  7 jackals
  4 quokkas
  A ball python (D:5)
  7 frilled lizards
  A jackal skeleton (D:9)
  12 kobolds
  A quokka skeleton (D:7)
  11 rats
265 creatures vanquished.

Vanquished Creatures (collateral kills)
  The ghost of Banto the Basher, a journeyman HuSk of Okawaru (D:11)
  A two-headed ogre (D:9)
  An ugly thing (D:11)
  A gargoyle (D:10)
  2 trolls
  A hippogriff (D:5)
  A wyvern (D:10)
  2 yaks (D:10)
  A shadow (D:12)
  A hungry ghost (D:9)
  A porcupine (D:10)
  A black bear (D:10)
  An eye of draining (D:12)
  An ice beast (D:10)
  4 orc warriors
  An ogre (D:9)
  A phantom (D:8)
  2 centaurs (D:7)
  5 killer bees
  2 vampire bats (D:10)
  2 crimson imps (D:5)
  2 orc priests
  A hound (D:3)
  2 centaur skeletons
  2 orc wizards
  Natasha (D:3)
  2 iguanas
  2 gnolls (D:9)
  An adder (D:5)
  An adder zombie (D:9)
  A worm (D:3)
  A leopard gecko (D:7)
  22 orcs
  3 bats (D:10)
  A giant cockroach (D:3)
  3 jackals (D:8)
78 creatures vanquished.

Vanquished Creatures (others)
  9 wandering mushrooms
  A hornet zombie (D:8)
  An ogre (D:7)
  A big kobold (D:7)
  A quasit (D:7)
  A hound (D:7)
  A jelly (D:5)
  4 kobolds (D:7)
  A fungus (D:10)
  8 starspawn tentacles (Abyss:2)
  262 toadstools
290 creatures vanquished.

Grand Total: 633 creatures vanquished

Notes
Turn   | Place    | Note
-------+----------+-------------------------------------------
     0 | D:1      | M4edhros the Octopode Artificer began the quest for the Orb.
     0 | D:1      | Reached XP level 1. HP: 13/13 MP: 3/3
    60 | D:1      | Reached skill level 2 in Stealth
    71 | D:1      | Reached XP level 2. HP: 12/18 MP: 4/4
   184 | D:1      | Reached skill level 3 in Stealth
   540 | D:3      | Reached skill level 4 in Stealth
   540 | D:3      | Reached XP level 3. HP: 19/23 MP: 5/5
   738 | D:4      | Noticed an ogre
   751 | D:4      | Killed an ogre
   751 | D:4      | Reached skill level 6 in Stealth
   751 | D:4      | Reached XP level 4. HP: 28/28 MP: 6/6
   751 | D:4      | Reached XP level 5. HP: 33/33 MP: 7/7
   920 | D:4      | Found a staircase to the Ecumenical Temple.
   928 | Temple   | Entered the Ecumenical Temple
   939 | Temple   | Became a worshipper of Fedhas Madash
  1118 | D:1      | Reached * piety under Fedhas
  1149 | D:1      | Reached skill level 7 in Stealth
  1526 | D:2      | Noticed Jessica
  1534 | D:2      | Killed Jessica
  1545 | D:2      | Identified Jessica's Almanac of Orientation
  2114 | D:3      | Noticed Natasha
  2121 | D:3      | Killed Natasha
  2121 | D:3      | Reached skill level 1 in Invocations
  2224 | D:3      | Noticed Natasha
  2229 | D:3      | Reached XP level 6. HP: 30/39 MP: 8/8
  2233 | D:3      | Killed Natasha
  2244 | D:3      | Killed Natasha
  2342 | D:3      | Reached ** piety under Fedhas
  3145 | D:4      | Noticed Grinder
  3153 | D:4      | Paralysed by Grinder for 2 turns
  3163 | D:4      | Killed Grinder
  3163 | D:4      | Reached skill level 8 in Stealth
  3163 | D:4      | Reached XP level 7. HP: 32/46 MP: 9/9
  3443 | D:5      | Entered Level 5 of the Dungeon
  3445 | D:5      | Found a shimmering altar of Xom.
  3445 | D:5      | Noticed marsu's ghost (novice OpMo)
  3446 | D:5      | Noticed a hippogriff
  3528 | D:5      | Killed marsu's ghost
  3528 | D:5      | Reached XP level 8. HP: 32/54 MP: 10/10
  3734 | D:5      | Reached skill level 9 in Stealth
  3752 | D:5      | Killed a hippogriff
  4586 | D:6      | Found Jemumeub's Antique Armour Shop.
  4762 | D:4      | Got a twisted shortbow
  4979 | D:6      | Reached skill level 5 in Dodging
  5304 | D:6      | Found a shadowy altar of Dithmenos.
  5555 | D:6      | Reached skill level 5 in Fighting
  5555 | D:6      | Reached skill level 5 in Invocations
  5555 | D:6      | Reached XP level 9. HP: 61/61 MP: 12/12
  5670 | D:7      | Noticed Pikel
  5674 | D:7      | Reached skill level 10 in Stealth
  5686 | D:7      | Killed Pikel
  6041 | D:7      | Upgraded the game from 0.20-a0-453-g91466d2 to 0.20-a0-454-g2b43fbb
  6716 | D:8      | Reached skill level 11 in Stealth
  6717 | D:8      | Reached *** piety under Fedhas
  6941 | D:8      | Found a bloodstained altar of Trog.
  7032 | D:8      | Reached XP level 10. HP: 65/69 MP: 13/15
  8401 | D:9      | Reached **** piety under Fedhas
  9031 | D:9      | Reached skill level 12 in Stealth
  9100 | D:9      | Noticed a two-headed ogre
  9477 | D:9      | Reached ***** piety under Fedhas
  9793 | D:9      | Killed a two-headed ogre
 10131 | D:9      | Identified the +8 shortbow of the Sky {flame, rElec} (You found it on level 4 of the Dungeon)
 10137 | D:9      | Gained mutation: Your spells are a little harder to cast, but a little more powerful. [potion of mutation]
 10137 | D:9      | Gained mutation: You are weak. (Str -2) [potion of mutation]
 10137 | D:9      | Gained mutation: Your spells are harder to cast, but more powerful. [potion of mutation]
 10138 | D:9      | Gained mutation: You have an increased reservoir of magic. (+10% MP) [potion of mutation]
 10138 | D:9      | Lost mutation: Your spells are harder to cast, but more powerful. [potion of mutation]
 10138 | D:9      | Lost mutation: Your spells are a little harder to cast, but a little more powerful. [potion of mutation]
 10143 | D:9      | Learned a level 3 spell: Mephitic Cloud
 10146 | D:9      | Learned a level 2 spell: Repel Missiles
 11215 | D:9      | Cast into level 2 of the Abyss (a distortion unwield)
 11227 | Abyss:2  | Reached XP level 11. HP: 76/76 MP: 18/18
 11239 | Abyss:2  | Noticed a tentacled starspawn
 11277 | Abyss:2  | Noticed a wretched star
 11301 | Abyss:2  | Noticed a large abomination
 11325 | Abyss:2  | Noticed a starcursed mass
 11338 | Abyss:2  | Noticed a tentacled starspawn
 11347 | Abyss:2  | Found a corrupted altar of Lugonu.
 11484 | Abyss:2  | Noticed a tentacled starspawn
 11503 | Abyss:2  | Noticed a wretched star
 11507 | Abyss:2  | Noticed an ancient lich
 11540 | Abyss:2  | Found a radiant altar of Vehumet.
 11575 | Abyss:2  | Noticed a wretched star
 11600 | Abyss:2  | Noticed a large abomination
 11617 | Abyss:2  | Killed a large abomination
 11626 | Abyss:2  | Noticed a worldbinder
 11743 | Abyss:2  | Noticed an eidolon
 11747 | Abyss:2  | Found a corrupted altar of Lugonu.
 11758 | Abyss:2  | Noticed a deep elf elementalist
 11774 | D:9      | Escaped the Abyss
 11786 | D:10     | Entered Level 10 of the Dungeon
 11956 | D:10     | Found a staircase to the Lair.
 11982 | D:10     | Reached XP level 12. HP: 82/82 MP: 20/20
 12023 | D:10     | Found a staircase to the Orcish Mines.
 12628 | D:10     | Noticed a two-headed ogre
 12638 | D:10     | Killed a two-headed ogre
 12819 | D:10     | Reached skill level 13 in Stealth
 13498 | D:11     | Gained mutation: You are somewhat resistant to further mutation. [mutagenic meat]
 13727 | D:11     | Noticed Banto's ghost (journeyman HuSk)
 13762 | D:11     | Killed Banto's ghost
 13831 | D:11     | Gained mutation: You are frail. (-10% HP) [mutagenic meat]
 14726 | D:12     | Found Etzamoc's Weapon Shop.
 14746 | D:12     | Reached skill level 1 in Shields
 14780 | D:12     | Gained mutation: You are surrounded by a mild repulsion field. (EV +2) [mutagenic meat]
 15767 | D:12     | Noticed Fannar
 16237 | D:11     | Slain by a white ugly thing

Vault maps used:
D:1:      dpeg_arrival_ratfight, lexackson_kobold_supper
D:2:      st_stairs_7, kennysheep_jessica_study
D:3:      uniq_natasha
D:4:      kennysheep_minor_cross, uniq_grinder
D:5:      first_bread, xom_teletrap_fun
D:6:      serial_shops, nicolae_shop_window_shopping, grunt_dithmenos_shadows
D:7:      hangedman_decor_opposing, uniq_pikel
D:8:      enter_bailey_2, minmay_misc_feat_columns, grunt_pizzeria, bloody_trog
D:9:      serial_corexii_hall, corexii_hall_statues_i, corexii_hall_statues_u,
          corexii_hall_statues_i
D:10:     minmay_lair_entry_grove, orc_0_dummy, roderic_batcave
D:12:     serial_shops, nicolae_shop_trees, kennysheep_pointless_box,
          uniq_fannar
Temple:   compressed_dpeg_circular_temple

Skill      XL: |  1  2  3  4  5  6  7  8  9 10 11 12 |
---------------+-------------------------------------+-----
Stealth        | 2 4 6 7 8 9 11 12 13 | 13.8
Invocations    | 1 2 3 5 6 8 9 |  9.8
Fighting       | 3 5 6 7 8 9 |  9.0
Dodging        | 3 5 6 7 8 9 |  9.1
Bows           | 9 |  9.2
Shields        | 2 |  2.2
Short Blades   | |  1.0
Evocations     | |  3.2

Action                   |  1- 3 |  4- 6 |  7- 9 | 10-12 || total
-------------------------+-------+-------+-------+-------++-------
Melee: Short sword       |    19 |       |    84 |       ||   103
       Tentacles         |    12 |    20 |    48 |    48 ||   128
       Constrict         |    12 |    28 |    42 |    52 ||   134
       Dagger            |    19 |   101 |    60 |       ||   180
       Flail             |       |       |    36 |    17 ||    53
       Spear             |       |       |       |   309 ||   309
 Fire: Shortbow          |       |       |       |   260 ||   260
Invok: Fungal Bloom      |       |    21 |    38 |    40 ||    99
       Evolution         |       |     1 |     5 |     4 ||    10
       Sunlight          |       |       |     1 |       ||     1
 Abil: Evoke Berserk Rag |       |       |       |     1 ||     1
Evoke: Wand              |     5 |    12 |    28 |     4 ||    49
  Use: Scroll            |       |    10 |     4 |    12 ||    26
       Potion            |       |     2 |     6 |    10 ||    18
 Stab: Sleeping          |     3 |    14 |    12 |    12 ||    41
       Paralysed         |       |     1 |       |       ||     1
       Distracted        |       |       |       |     5 ||     5
       Confused          |       |       |       |     2 ||     2
  Eat: Meat ration       |       |     1 |     1 |     5 ||     7
       Royal jelly       |       |       |     1 |     1 ||     2
       Bread ration      |       |       |     1 |     2 ||     3
       Pizza             |       |       |     1 |       ||     1
       Chunk             |       |       |       |    14 ||    14
       Beef jerky        |       |       |       |     1 ||     1
Armor: Skin              |     1 |     4 |    11 |    15 ||    31
Dodge: Dodged            |    20 |    59 |   168 |   329 ||   576
